Unix xNetHack Version 8.0.0 - last build Jan 14 2024 16:46:22 (be4d3c81716514284228e1a23197c27ddb32b841). Game began 2024-01-25 10:33:11, ended 2024-01-29 16:47:11. DeVoid, neutral male human Tourist -------- ------ |<|>...---....| |^|-......0%0.| |^||.000|.....| |^||....|.....| |.|------.----| |.| |......| |.------......| |.............| |..-----......| ---- -------- DeVoid the Excursionist St:15 Dx:12 Co:14 In:14 Wi:12 Ch:15 Neutral S:6264 Dlvl:8 $:0 HP:0(52) Pw:34(34) AC:1 Xp:8/1451 T:8843 Latest messages: The giant zombie knocks you back with a forceful blow! You bump into a boulder. Ouch! The giant zombie scratches you! In what direction? 6 The dart hits the giant zombie! In what direction? 6 You throw 2 darts. The 1st dart hits the giant zombie! The 2nd dart hits the giant zombie! You are beginning to feel hungry. In what direction? 6 The dart hits the giant zombie! In what direction? 6 You throw 2 darts. The 1st dart hits the giant zombie! The 2nd dart hits the giant zombie! In what direction? 9 You throw 2 darts. The 1st dart hits the giant zombie! The 2nd dart hits the giant zombie! In what direction? 9 You throw 2 darts. The 1st dart hits the giant zombie! You destroy the giant zombie! a - 3 darts (at the ready) {3} (10 in total). You see here a giant corpse. a - a dart (at the ready) {1} (11 in total). You see here a giant corpse. a - 3 darts (at the ready) {3} (14 in total). a - 3 darts (at the ready) {3} (17 in total). What do you want to eat? [ijkoM or ?*] i My, this is a yummy slime mold! You no longer feel hungry. With great effort you move the boulder. With great effort you move the boulder. The boulder fills a pit. Wait! There's something there you can't see! It lashes you! You attack thin air. It lashes you! You rend it. It hits! You see here a giant corpse. Wait! There's something there you can't see! It hits! It lashes you! You feel an unseen monster! It lashes you! You die... Do you want your possessions identified? [ynq] (y) q Inventory: Inventory: 438/775 weight (23/52 slots) Weapons a - 17 blessed +2 darts (at the ready) {17} f - a +5 mithril long sword named Chaos Blade (weapon in hand) {25} Armor Q - an uncursed +0 dwarvish helm (being worn) {30} y - an uncursed +0 pair of jumping boots (being worn) {15} A - a cursed +0 gold shield of reflection (being worn) {50} x - an uncursed +0 cloak of invisibility (being worn) {8} l - an uncursed +0 Hawaiian shirt with a hibiscus flower motif (being worn) {4} P - an uncursed +0 mithril elven ring mail (being worn) {88} Comestibles o - 2 uncursed food rations {40} j - an uncursed tripe ration {10} k - an uncursed egg {1} M - an uncursed lizard corpse {10} Scrolls q - a blessed scroll of earth {5} p - an uncursed scroll of earth {5} Potions g - an uncursed potion of enlightenment {20} h - an uncursed potion of hallucination {20} d - a cursed potion of paralysis {20} Wands w - a wand of cold (0:2) {7} m - a wand of create monster (0:12) {7} Tools n - an expensive camera (0:34) {12} c - a blessed silver magic lamp named WISHING BABY (lit) {21} T - a cursed skeleton key {3} b - a +0 unicorn horn {20} DeVoid the Tourist's attributes: Background: You were an Excursionist, a level 8 male human Tourist. You were neutral, on a mission for The Lady who was opposed by Blind Io (lawful) and Offler (chaotic). You were heterosexual. You were in Sokoban, on level 8. You entered the dungeon 8843 turns ago. You had 1451 experience points, 1109 more were needed to attain level 9. Your score was 6264 before end-of-game adjustments. Basics: You had 0 out of 52 hit points. You had all 34 energy points (spell power). Your armor class was 1. Your wallet was empty. Autopickup was on for '$?!/="+' plus thrown. Final Characteristics: Your strength was 15 (limit:18/100). Your dexterity was 12 (limit:18). Your constitution was 14 (limit:18). Your intelligence was 14 (limit:18). Your wisdom was 12 (limit:18). Your charisma was 15 (limit:18). Final Status: You were not hungry. You were unencumbered. You were wielding a long sword. You had basic skill with long sword. Final Attributes: You were piously aligned. You were poison resistant. You were invisible. You could jump. You were guarded. You had reflection. You are dead. Miscellaneous: You never encountered a bones level. Total elapsed playing time was 8 hours, 30 minutes and 34 seconds. Major events: Turn 1: DeVoid the neutral male human Tourist entered the dungeon 1374: entered the Gnomish Mines 1436: attained the rank of Sightseer (level 3) 3006: reached Mine Town 3615: attained the rank of Excursionist (level 6) 8480: entered Sokoban 8843: killed by an invisible stalker Vanquished creatures: a giant zombie a large dog a dwarf ruler 2 watchmen 2 leprechauns a yeti 2 lizards a jaguar a black unicorn 2 plains centaurs 2 human zombies an imp 19 bugbears 2 rock piercers 2 ponies a fog cloud a shrieker 7 gnome leaders a gnomish wizard a black naga hatchling a gray ooze 2 elf zombies 2 giant ants a kitten 11 dwarves a kobold leader 2 kobold shamans a rothe 2 rabid rats a centipede 2 giant bats 2 monkeys an orc zombie a wererat 3 iguanas 5 killer bees an acid blob a hobbit a manes 4 large kobolds 14 hobgoblins a giant rat 2 cave spiders 2 yellow molds a red mold 44 gnomes a garter snake 5 jackals a fox 2 kobolds 6 goblins 3 sewer rats 12 grid bugs 2 lichens a kobold zombie 7 newts 200 creatures vanquished. No species were genocided or became extinct. Voluntary challenges: You read items or engraved 8 times. You never genocided any monsters. You never polymorphed an object. You never changed form. You never touched an artifact. You used no wishes. You never scared an enemy with impunity. You were celibate. You never generated conflict. You did not violate any of the special Sokoban rules. Achievements: You entered a shop. You entered the Gnomish Mines. You attained the rank of Sightseer. You entered Minetown. You entered a temple. You attained the rank of Excursionist. You entered Sokoban. Dungeon overview: The Dungeons of Doom: levels 1 to 9 Level 1: Some altars to The Lady, a fountain. Level 2: A general store. Stairs down to The Gnomish Mines. Level 3: A general store. Level 4: Some fountains. Level 5: An altar. Level 6: A fountain, a tree. Level 7: A fountain. Level 8: Many fountains. Oracle of Delphi. Level 9: Stairs up to Sokoban, level 8. The Gnomish Mines: levels 3 to 6 Level 3: Level 4: Level 5: Level 6: Many shops, a temple, some fountains. Sokoban: Level 8: <- You were here. Unsolved. Final resting place for you, killed by an invisible stalker. Game over: __________ / \ / REST \ / IN \ / PEACE \ / \ | DeVoid | | 0 Au | | killed by an | | invisible | | stalker | | | | 2024 | *| * * * | * _________)/\\_//(\/(/\)/\//\/|_)_______ Aloha DeVoid the Tourist... You died in Sokoban on dungeon level 8 with 6264 points, and 0 pieces of gold, after 8843 moves. You were level 8 with a maximum of 52 hit points when you died.